 Dungeon Crawl Stone Soup version 0.18.1-5-g4a78601 (webtiles) character file.

9688 oplop the Transmogrifier (level 11, -5/112 HPs)
             Began as an Octopode Transmuter on May 9, 2016.
             Was an Elder of Cheibriados.
             Slain by Snorg (13 damage)
             ... on level 10 of the Dungeon.
             The game lasted 00:25:42 (11059 turns).

oplop the Transmogrifier (Octopode Transmuter)     Turns: 11059, Time: 00:25:42

Health: -5/112     AC: 25    Str: 23    XL:     11   Next: 50%
Magic:  15/21      EV:  2    Int: 27    God:    Cheibriados [****..]
Gold:   668        SH:  0    Dex: 24    Spells: 4 memorised, 13 levels left

rFire  + . .     SeeInvis +       - Unarmed
rCold  + . .     Gourm    .     (no shield)
rNeg   + + +     Faith    .     (helmet currently unavailable)
rPois  +         Spirit   .     (no amulet)
rElec  +         Dismiss  .     r - ring of see invisible
rCorr  +         Reflect  .     (no ring)
SustAt .         Harm     .     u - +3 ring of strength
MR     .....     NoTele   +     D - ring of poison resistance
Stlth  ++........               (no ring)
                                (no ring)
                                (no ring)
                                (no ring)

@: tree-form, resistant, very slow, not resistant to hostile enchantments,
unstealthy
A: almost no armour, (amphibious), 8 rings, (constrict 8), (camouflage 0),
(gelatinous body 0)
a: Bend Time, Temporal Distortion, Slouch, Renounce Religion


You were on level 10 of the Dungeon.
You worshipped Cheibriados.
Cheibriados was greatly pleased with you.
You were not hungry.
You were a tree.
You visited 2 branches of the dungeon, and saw 11 of its levels.

You collected 668 gold pieces.

Inventory:

Missiles
 a - 136 arrows
 i - 8 tomahawks (quivered)
Armour
 O - a +2 hat (melded)
Magical Staves
 A - an uncursed staff of wizardry
Jewellery
 r - a ring of see invisible (left branch)
 s - an uncursed ring of fire
 u - a +3 ring of strength (on tentacle)
 D - a ring of poison resistance (on tentacle)
 Q - a +3 ring of strength
 R - an uncursed amulet of dismissal
Wands
 m - a wand of disintegration (15/24)
 w - a wand of slowing (38/48)
 x - a wand of flame (39/48)
 B - a wand of iceblast (1/15)
 E - a wand of lightning (6/15)
 J - a wand of digging (16/24)
 M - a wand of slowing (22/48)
Scrolls
 d - 2 scrolls of amnesia {unknown}
 e - 4 scrolls of recharging
 f - 3 scrolls of fog {unknown}
 h - 6 scrolls of remove curse
 o - 9 scrolls of teleportation
 p - 2 scrolls of blinking {unknown}
 t - 3 scrolls of random uselessness {unknown}
 y - 3 scrolls of enchant weapon {unknown}
 C - a scroll of noise {unknown}
 G - 2 scrolls of magic mapping {unknown}
 N - 2 scrolls of acquirement {unknown}
 P - a scroll of vulnerability {unknown}
Potions
 l - 3 potions of flight
 n - 3 potions of agility
 q - 4 potions of curing
 H - a potion of mutation {unknown}
 K - a potion of might
Books
 b - a book of Changes

   Spells                             Type                      Level
   a - Beastly Appendage              Transmutation                1
   b - Sticks to Snakes               Transmutation                2
   c - Spider Form                    Transmutation/Poison         3
   d - Ice Form                       Ice/Transmutation            4
   e - Blade Hands                    Transmutation                5
 k - a book of Burglary

   Spells                             Type                      Level
   a - Swiftness                      Charms/Air                   2
   b - Passwall                       Transmutation/Earth          2
   c - Passage of Golubria            Translocation                4
   d - Lee's Rapid Deconstruction     Earth                        5
   e - Darkness                       Hexes                        6
   f - Invisibility                   Hexes                        6
Comestibles
 c - 9 bread rations
 j - a fruit
 S - a chunk of flesh
 T - a meat ration


   Skills:
 + Level 7.0 Fighting
 + Level 6.9 Dodging
 + Level 7.5 Unarmed Combat
 + Level 6.7 Spellcasting
 + Level 8.6 Transmutations
 - Level 5.3 Ice Magic
 + Level 5.6 Invocations


You had 13 spell levels left.
You knew the following spells:

 Your Spells              Type           Power        Failure   Level  Hunger
a - Beastly Appendage     Trmt           ######       1%          1    None
b - Sticks to Snakes      Trmt           ######..     1%          2    None
c - Spider Form           Trmt/Pois      ####......   3%          3    None
d - Ice Form              Ice/Trmt       #####...     3%          4    ###....


Dungeon Overview and Level Annotations

Branches:
Dungeon (10/15)            Temple (1/1) D:5            Lair (0/8) D:10
    Orc (0/2) D:10

Altars:
Ashenzari
Cheibriados
Dithmenos
Elyvilon
Fedhas
Gozag
Kikubaaqudgha
Makhleb
Nemelex Xobeh
Okawaru
Pakellas
Qazlal
Ru
Sif Muna
Trog
Vehumet
Xom
Yredelemnul
Zin
The Shining One
Beogh

Shops:
D:5 *   D:6 (   D:7 :   D:9 :

Annotations:
D:3 Grinder; MDvedh's ghost, amateur KoMo
D:10 Snorg


Innate Abilities, Weirdness & Mutations

You cannot wear most types of armour.
((You are amphibious.))
You can wear up to eight rings at the same time.
((You can use your tentacles to constrict eight enemies at once.))
((Your skin changes colour to match your surroundings (Stealth).))
((Your rubbery body absorbs attacks (AC +1).))


Message History

Okay, then.
Drink which item? (? for menu, Esc to quit)
Okay, then.
Read which item? (? for menu, Esc to quit)
Okay, then.
Drink which item? (? for menu, Esc to quit)
It was a potion of resistance.
You feel protected. Snorg barely misses you. Snorg claws you.
* * * LOW HITPOINT WARNING * * *
Snorg barely misses you.
Your adder bites Snorg.
Read which item? (? for menu, Esc to quit)
Okay, then.
Drink which item? (? for menu, Esc to quit)
It was a potion of lignification.
You turn into a tree.
Your +2 hat melds into your body.
Your roots penetrate the ground.
Snorg bites your adder!!
Your adder dies!
Snorg bites you!
You die...

#############
......S...S.#
.......####S#########
.####....S..T♣....(.#
.......#.#######.#
#### #.#####...# #S#
#... #. #...#
###S#######... .
#.....#
..#..S........ #
#.......
#.###.....#...
#.......# #.#
#......... .........
#.# #.....###.
.......##.# #.†..##
#.


You could see Snorg (berserk), a friendly water moccasin and 2 friendly adders.

Vanquished Creatures
  Gastronok (D:8)
  Pikel (D:6)
  Joseph (D:9)
  3 ice beasts
  A spriggan (D:8)
  2 wyverns (D:9)
  A yak (D:10)
  2 hippogriffs
  Menkaure (D:6)
  2 water moccasins
  2 sky beasts (D:9)
  6 orc warriors
  2 ogres
  A slave (D:5)
  A phantom (D:8)
  4 centaurs
  2 big kobolds
  5 giant frogs
  A wyvern zombie (D:10)
  A water moccasin skeleton (D:7)
  5 scorpions
  9 killer bees
  8 wights
  A howler monkey (D:6)
  4 crimson imps
  A centaur zombie (D:6)
  2 giant frog zombies (D:10)
  A quasit (D:9)
  3 jellies
  A gnoll shaman (D:4)
  4 orc priests
  5 hounds
  5 orc wizards
  Ijyb (D:3)
  2 iguanas
  5 worker ants
  A sheep (D:10)
  A howler monkey zombie (D:8)
  A worker ant zombie (D:5)
  4 gnolls (D:4)
  6 adders
  2 shadow imps (D:6)
  An adder zombie (D:7)
  4 dart slugs
  4 giant geckos
  32 orcs
  8 bats
  4 giant cockroaches
  6 hobgoblins
  10 jackals
  10 kobolds
  3 quokkas
  2 giant gecko skeletons (D:5)
  A giant gecko zombie (D:7)
  6 giant newts
  10 goblins
  A jackal skeleton (D:9)
  2 quokka skeletons
  A quokka zombie (D:9)
  4 rats
221 creatures vanquished.

Vanquished Creatures (collateral kills)
  A hill giant (D:10)
  An elephant (D:10)
  Maurice (D:8)
  5 yaks (D:10)
  2 ice beasts
  4 orc warriors
  2 ogres
  2 centaurs
  A crocodile (D:10)
  A scorpion (D:10)
  3 wights
  An orc wizard (D:8)
  A giant gecko (D:10)
  9 orcs
  2 kobolds (D:8)
36 creatures vanquished.

Vanquished Creatures (others)
  3 slaves (D:6)
  A centaur (D:6)
  A fungus (D:10)
  2 plants (D:10)
7 creatures vanquished.

Grand Total: 264 creatures vanquished

Notes
Turn   | Place    | Note
--------------------------------------------------------------
     0 | D:1      | oplop the Octopode Transmuter began the quest for the Orb.
     0 | D:1      | Reached XP level 1. HP: 13/13 MP: 3/3
   187 | D:1      | Reached XP level 2. HP: 8/18 MP: 5/5
   796 | D:2      | Learned a level 2 spell: Sticks to Snakes
   850 | D:2      | Reached XP level 3. HP: 12/23 MP: 6/6
  1284 | D:2      | Reached XP level 4. HP: 23/29 MP: 7/7
  1812 | D:3      | Noticed Ijyb
  1835 | D:3      | Killed Ijyb
  1835 | D:3      | Reached skill level 3 in Transmutations
  1836 | D:3      | Found a snail-covered altar of Cheibriados.
  1844 | D:3      | Noticed MDvedh's ghost (amateur KoMo)
  1881 | D:3      | Noticed Grinder
  2354 | D:2      | Learned a level 3 spell: Spider Form
  2586 | D:4      | Reached XP level 5. HP: 24/34 MP: 5/9
  3515 | D:4      | Reached XP level 6. HP: 36/41 MP: 6/10
  3661 | D:5      | Entered Level 5 of the Dungeon
  3795 | D:5      | Found a staircase to the Ecumenical Temple.
  3863 | Temple   | Entered the Ecumenical Temple
  4053 | D:5      | Reached skill level 4 in Transmutations
  4274 | D:5      | Found a radiant altar of Vehumet.
  4359 | D:5      | Found Qoax's General Store.
  4507 | D:5      | Reached XP level 7. HP: 40/46 MP: 8/12
  4640 | D:6      | Learned a level 4 spell: Ice Form
  4704 | D:6      | Found a shadowy altar of Dithmenos.
  4738 | D:6      | Found Zaxos's Antique Weapon Emporium.
  4779 | D:6      | Found a burning altar of Makhleb.
  4795 | D:6      | Noticed Pikel
  4875 | D:6      | Reached skill level 1 in Ice Magic
  4887 | D:6      | Killed Pikel
  4887 | D:6      | Reached skill level 5 in Transmutations
  4887 | D:6      | Reached XP level 8. HP: 35/54 MP: 8/14
  5069 | D:6      | Found an oddly glowing altar of Pakellas.
  5082 | D:6      | Noticed Menkaure
  5091 | D:6      | Killed Menkaure
  5355 | D:6      | Reached skill level 5 in Unarmed Combat
  5355 | D:6      | Reached skill level 6 in Transmutations
  5533 | D:6      | Noticed an ice beast
  5543 | D:6      | Killed an ice beast
  5561 | D:6      | Reached XP level 9. HP: 52/58 MP: 9/15
  6223 | D:7      | HP: 2/59 [centaur (3)]
  6259 | D:7      | Reached skill level 5 in Ice Magic
  6370 | D:7      | Found Orocuibla's Book Shop.
  6631 | D:7      | Reached skill level 5 in Dodging
  6636 | D:7      | Reached skill level 5 in Spellcasting
  6759 | D:7      | Reached skill level 7 in Transmutations
  7539 | D:3      | Became a worshipper of Cheibriados the Contemplative
  7723 | D:8      | Found a shimmering altar of Xom.
  8072 | D:8      | Found a shimmering altar of Xom.
  8072 | D:8      | Found a shimmering altar of Xom.
  8073 | D:8      | Found a shimmering altar of Xom.
  8073 | D:8      | Found a shimmering altar of Xom.
  8075 | D:8      | Found a shimmering altar of Xom.
  8075 | D:8      | Found a shimmering altar of Xom.
  8118 | D:8      | Noticed Maurice
  8133 | D:8      | Killed Maurice
  8133 | D:8      | Reached skill level 5 in Fighting
  8133 | D:8      | Reached skill level 1 in Invocations
  8133 | D:8      | Reached XP level 10. HP: 44/66 MP: 12/17
  8244 | D:8      | Reached * piety under Cheibriados
  8367 | D:8      | Noticed Gastronok
  8425 | D:8      | Killed Gastronok
  8926 | D:9      | Reached skill level 8 in Transmutations
  9322 | D:9      | Reached ** piety under Cheibriados
  9431 | D:9      | Found Utwy's Book Emporium.
  9470 | D:9      | Found a sacrificial altar of Ru.
  9539 | D:9      | Reached XP level 11. HP: 72/72 MP: 16/20
  9658 | D:9      | Noticed Joseph
  9675 | D:9      | Killed Joseph
  9703 | D:10     | Entered Level 10 of the Dungeon
  9703 | D:10     | Noticed a hill giant
 10131 | D:10     | Reached *** piety under Cheibriados
 10586 | D:10     | Found a roughly hewn altar of Beogh.
 10586 | D:10     | Found a staircase to the Orcish Mines.
 10594 | D:10     | Reached skill level 5 in Invocations
 10739 | D:10     | Reached **** piety under Cheibriados
 10904 | D:10     | Found a staircase to the Lair.
 10980 | D:10     | Killed a hill giant
 11040 | D:10     | Noticed Snorg
 11059 | D:10     | Slain by Snorg

Skill      XL: |  1  2  3  4  5  6  7  8  9 10 11 |
---------------+----------------------------------+-----
Transmutations | 3 4 5 6 7 8 |  8.6
Fighting       | 2 3 4 5 6 7 |  7.0
Spellcasting   | 3 4 5 6 |  6.7
Dodging        | 3 4 5 6 |  6.9
Unarmed Combat | 4 5 6 7 |  7.5
Ice Magic      | 2 3 5 |  5.3
Invocations    | 1 4 5 |  5.6

Action                   |  1- 3 |  4- 6 |  7- 9 | 10-12 || total
-------------------------+-------+-------+-------+-------++-------
Melee: Unarmed           |    73 |   150 |   221 |   284 ||   728
       Constrict         |    19 |    17 |    14 |     8 ||    58
       Kick              |    10 |     9 |     9 |     6 ||    34
       Tentacles         |     9 |    12 |    14 |    12 ||    47
       Punch             |       |     3 |     5 |     2 ||    10
 Cast: Beastly Appendage |    11 |    12 |     7 |     3 ||    33
       Sticks to Snakes  |       |     5 |    20 |    49 ||    74
       Spider Form       |       |    14 |    14 |    24 ||    52
       Ice Form          |       |       |     9 |     9 ||    18
  Use: Potion            |       |       |     1 |     3 ||     4
       Scroll            |       |       |       |     8 ||     8
 Stab: Sleeping          |     3 |     5 |     1 |       ||     9
       Distracted        |       |       |     1 |     3 ||     4
  Eat: Chunk             |     1 |     6 |     9 |     6 ||    22
       Beef jerky        |       |     1 |       |       ||     1
       Pizza             |       |     3 |     1 |       ||     4
       Meat ration       |       |       |     1 |       ||     1
       Fruit             |       |       |       |     1 ||     1
Armor: Skin              |     6 |     9 |    16 |    35 ||    66
Dodge: Dodged            |    42 |    98 |   183 |   276 ||   599
